 Dungeon Crawl Stone Soup version 0.28.0-43-g3370ac3207 (webtiles) character file.

Game seed: 17168033539224625671

64 Zeld the Magician (level 3, 0/19 HPs)
             Began as a Deep Elf Fire Elementalist on Mar 15, 2022.
             Slain by an orc
             ... wielding a +0 flail
              (8 damage)
             ... on level 3 of the Dungeon.
             The game lasted 00:01:27 (2587 turns).

Zeld the Magician (Deep Elf Fire Elementalist)      Turns: 2587, Time: 00:01:28

Health: 0/19       AC:  2    Str:  5    XL:     3   Next: 91%
Magic:  4/10       EV: 13    Int: 21    God:
Gold:   107        SH:  0    Dex: 15    Spells: 7/10 levels left

rFire   . . .      SeeInvis .   (no weapon)
rCold   . . .      Faith    .   (no shield)
rNeg    . . .      Spirit   .   a - +0 robe
rPois   .          Reflect  .   (no helmet)
rElec   .          Harm     .   (no cloak)
rCorr   .          Rampage  .   (no gloves)
Will    .....                   (no boots)
Stlth   ++........              (no amulet)
HPRegen 0.06/turn               (no ring)
MPRegen 0.12/turn               (no ring)

@: slowed, very slow
A: no striking features
a: no special abilities


You were on level 3 of the Dungeon.
You visited 1 branch of the dungeon, and saw 3 of its levels.

You collected 107 gold pieces.

Inventory:

Armour
 a - a +0 robe (worn)
Scrolls
 b - 3 scrolls of enchant weapon {unknown}
 c - a scroll of enchant armour {unknown}
 d - a scroll of blinking {unknown}
 e - a scroll of magic mapping {unknown}
 h - a scroll of fog {unknown}
 i - a scroll of amnesia {unknown}
 j - a scroll of teleportation {unknown}
Potions
 f - a potion of curing {unknown}
 g - a potion of haste {unknown}
 k - a potion of lignification {unknown}


   Skills:
 + Level 3.0 Dodging
 + Level 3.1 Stealth
 * Level 4.0 Spellcasting
 + Level 1.6 Conjurations
 * Level 4.0 Fire Magic


You had 7 spell levels left.
You knew the following spells:

 Your Spells              Type           Power      Damage    Failure   Level
a - Foxfire               Conj/Fire      64%        2x1d7     3%          1
b - Scorch                Fire           42%        2d7       3%          2

Your spell library contained the following spells:

 Spells                   Type           Power      Damage    Failure   Level
 Conjure Flame            Conj/Fire      16%        6-21      12%         3
 Inner Flame              Hex/Fire       12%        N/A       16%         3
 Flame Wave               Conj/Fire      16%        2d6       36%         4


Dungeon Overview and Level Annotations

Branches:
Dungeon (3/15)

Altars:

Annotations:
D:3 Jessica


Message History

Your foxfire dissipates!
Your foxfire dissipates!
Your foxfire dissipates! x2
You see here a +0 club.
Things that are here:
a +0 club; a +0 hunting sling; 21 stones
Things that are here:
a +0 club; a +0 hunting sling; 21 stones Done exploring.
Done exploring.
Done exploring.
Done exploring.
There is an escape hatch in the floor here.
You slide downwards.
The hatch slams shut behind you.
The orc shouts! x4; The orc priest shouts!
Found a book of Geomancy.
You see here a scroll labelled EMUNUDD APLITE.
There are monsters nearby!
Casting: Foxfire (safe; 3% risk of failure)
Confirm with . or Enter, or press ? or * to list all spells.
Flames lash the orc.
You kill the orc!
Jessica points at you and mumbles some strange words.
You feel yourself slow down.
Unknown command.
You can't go up here!
Casting: Scorch (safe; 3% risk of failure)
Confirm with . or Enter, or press ? or * to list all spells.
Flames lash the orc priest.
The orc priest is moderately wounded.
The orc priest's fire resistance burns away.
The orc priest mumbles some strange prayers to Beogh against you.
Beogh smites you!
Ouch! That really hurt!
Casting: Scorch (safe; 3% risk of failure)
Confirm with . or Enter, or press ? or * to list all spells.
Flames lash the orc.
The orc is severely wounded.
The orc's fire resistance burns away.
The orc hits you with a +0 flail!
You die...

#######.###
#.........#
#:..@.....#
#.........#
#..o......#
#.o........
#..o......#
#..@o.....#
#..........
.............
............###
..............
############...
###


You could see an orc priest (combustible), Jessica and 3 orcs.

Vanquished Creatures
  An adder (D:2)
  3 dart slugs (D:1)
  An orc (D:3)
  6 ball pythons
  6 endoplasms
  2 giant cockroaches
  7 goblins
  A hobgoblin (D:1)
  3 quokkas (D:1)
  2 bats (D:1)
  4 frilled lizards
  6 kobolds
  2 rats (D:1)
44 creatures vanquished.

Vanquished Creatures (others)
  153 foxfires
153 creatures vanquished.

Grand Total: 197 creatures vanquished

Notes
Turn   | Place    | Note
-------+----------+-------------------------------------------
     0 | D:1      | Zeld the Deep Elf Fire Elementalist began the quest for the
                  | Orb.
     0 | D:1      | Reached XP level 1. HP: 10/10 MP: 6/6
   294 | D:1      | Reached XP level 2. HP: 15/15 MP: 6/8
   326 | D:1      | Learned a level 2 spell: Scorch
  1093 | D:1      | Reached XP level 3. HP: 19/19 MP: 7/10
  2111 | D:2      | Identified the +4 dagger "Kiahulia" {vamp, rElec rN+}
  2185 | D:2      | Found a faded altar of an unknown god.
  2584 | D:3      | Noticed Jessica
  2587 | D:3      | Slain by an orc

Illustrated notes

Levels and vault maps discovered:
D:1:      mrwooster_arrival_statue_3, layout_loops_corners
D:2:      layout_loops_ring, ebering_ecumenical_altar_sacrificial,
          nicolae_elevator_lobby_plus
D:3:      layout_basic, mainiacjoe_overflow_small_starburst, uniq_jessica,
          uniq_ijyb

Skill      XL: |  1  2  3 |
---------------+----------+-----
Stealth        | 3 |  3.1
Dodging        | 3 |  3.0
Spellcasting   | 4 |  4.0
Fire Magic     | 4 |  4.0
Conjurations   | |  1.6

Action                   || total
-------------------------++-------
Melee: Unarmed           ||     3
       Punch             ||     1
 Cast: Foxfire           ||   103
       Scorch            ||    10
Dodge: Dodged            ||     7
